 Dungeon Crawl Stone Soup version 0.25.1-8-g42b30a86e7 (webtiles) character file.

Game seed: 8941955542956991527

56 gruber the Chiller (level 3, -2/24 HPs)
             Began as a Demonspawn Ice Elementalist on Dec 21, 2020.
             Slain by Crazy Yiuf
             ... wielding a +2 quarterstaff of chaos
              (5 damage)
             ... on level 2 of the Dungeon.
             The game lasted 00:02:38 (2747 turns).

gruber the Chiller (Demonspawn Ice Elementalist)    Turns: 2747, Time: 00:02:39

Health: -2/24      AC:  0    Str:  8    XL:     3   Next: 69%
Magic:  3/6        EV: 19    Int: 17    God:
Gold:   128        SH:  0    Dex: 18    Spells: 2/6 levels left

rFire    . . .     SeeInvis .   (weapon currently unavailable)
rCold    . . .     Gourm    .   (shield currently unavailable)
rNeg     . . .     Faith    .   (armour currently unavailable)
rPois    .         Spirit   .   (helmet currently unavailable)
rElec    .         Reflect  .   (cloak currently unavailable)
rCorr    .         Harm     .   (gloves currently unavailable)
MR       .....                  (boots currently unavailable)
Stlth    ++........             (no amulet)
HPRegen  0.08/turn              (ring currently unavailable)
MPRegen  0.10/turn              (ring currently unavailable)

@: bat-form, frozen ramparts, flying, starving, very quick
A: tiny, rugged brown scales 1
a: no special abilities


You were on level 2 of the Dungeon.
You were starving.
You were in bat-form.
You visited 1 branch of the dungeon, and saw 2 of its levels.

You collected 128 gold pieces.

Inventory:

Armour
 a - a +0 robe (melded)
Scrolls
 f - 2 scrolls of amnesia {unknown}
 g - 4 scrolls of identify {unknown}
 h - a scroll of teleportation {unknown}
 i - a scroll of random uselessness {unknown}
 j - a scroll of fog {unknown}
Potions
 b - a potion of ambrosia {unknown}
 d - a potion of berserk rage {unknown}
 e - a potion of flight {unknown}
Comestibles
 c - 6 rations


   Skills:
 - Level 1.7 Dodging
 - Level 1.7 Stealth
 + Level 2.4 Spellcasting
 * Level 4.7 Ice Magic


You had 2 spell levels left.
You knew the following spells:

 Your Spells              Type           Power        Failure   Level  Hunger
a - Freeze                Ice            ###.         2%          1    #......
b - Frozen Ramparts       Ice            ###...       8%          3    ###....

Your spell library contained the following spells:

 Spells                   Type           Power        Failure   Level  Hunger
 Ozocubu's Armour         Chrm/Ice       ##......     22%         3    ###....
 Hailstorm                Conj/Ice       ##......     56%         4    #####..
 Summon Ice Beast         Ice/Summ       ##......     56%         4    #####..


Dungeon Overview and Level Annotations

Branches:
Dungeon (2/15)

Altars:
Cheibriados
Hepliaklqana
Wu Jian
Xom

Annotations:
D:2 Crazy Yiuf


Innate Abilities, Weirdness & Mutations

(You are partially covered in rugged brown scales. (AC +1, +3% HP))
((Your flesh is heat resistant. (rF+)))


Message History

You hit Crazy Yiuf but do no damage.
Crazy Yiuf is lightly wounded.
The wall freezes Crazy Yiuf.
Crazy Yiuf screams, "Peeping!"
Crazy Yiuf hits you with a +2 quarterstaff of chaos!
Ouch! That really hurt!
Crazy Yiuf freezes you.
* * * LOW HITPOINT WARNING * * *
Unknown command.
Unknown command.
The wall freezes Crazy Yiuf.
Crazy Yiuf grits, "Orb Xom head!"
Unknown command.
Unknown command.
Unknown command.
You hit Crazy Yiuf but do no damage.
Crazy Yiuf is heavily wounded.
The wall freezes Crazy Yiuf.
Crazy Yiuf hits you with a +2 quarterstaff of chaos.
You die...

###.....##
### ###...)#.
#....######
#........
#....'....#
#####
##._......
###....######
#..)#
#.........
.......'....#
#...#
#....8....
###....######
...
#.........
#....# #'#
##....._..
###### ♣♣g♣
#........
♣b♣♣
###......
♣♣.♣
####..#..#.
♣.♣♣
#........##
♣♣.♣♣
#.########
♣...♣♣ #.#
♣....♣ #.#
##..## #.#
#)...####.#
##..).....#


You could see Crazy Yiuf.

Vanquished Creatures
  A worm (D:2)
  4 dart slugs (D:1)
  3 leopard geckos
  A ball python (D:1)
  3 giant cockroaches
  4 goblins
  5 hobgoblins
  3 jackals (D:1)
  4 bats
  3 frilled lizards
  5 kobolds
  3 rats
39 creatures vanquished.

Notes
Turn   | Place    | Note
-------+----------+-------------------------------------------
     0 | D:1      | gruber the Demonspawn Ice Elementalist began the quest for
                  | the Orb.
     0 | D:1      | Reached XP level 1. HP: 13/13 MP: 3/3
   278 | D:1      | Reached skill level 4 in Ice Magic
   396 | D:1      | Gained mutation: Your flesh is heat resistant. (rF+)
                  | [demonic ancestry]
   396 | D:1      | Reached XP level 2. HP: 19/19 MP: 0/5
  1122 | D:1      | Gained mutation: You are partially covered in rugged brown
                  | scales. (AC +1, +3% HP) [demonic ancestry]
  1122 | D:1      | Reached XP level 3. HP: 18/24 MP: 4/6
  1221 | D:1      | Learned a level 3 spell: Frozen Ramparts
  1516 | D:2      | Found a shimmering altar of Xom.
  1520 | D:2      | Found a shimmering altar of Xom.
  1546 | D:2      | Found a shimmering altar of Xom.
  1548 | D:2      | Found a shimmering altar of Xom.
  1856 | D:2      | Found a hazy altar of Hepliaklqana.
  1924 | D:2      | Found an ornate altar of the Wu Jian Council.
  1925 | D:2      | Found a snail-covered altar of Cheibriados.
  2486 | D:2      | Found a runed translucent door.
  2487 | D:2      | Noticed Crazy Yiuf
  2747 | D:2      | Slain by Crazy Yiuf

Illustrated notes

Levels and vault maps discovered:
D:1:      wander_arrival_estate, layout_loops_ring, serial_glass,
          glass_columns_c, glass_columns_b, glass_columns_a, glass_columns_c,
          glass_columns_a, glass_columns_a, glass_columns_b, glass_columns_c,
          glass_columns_b, glass_columns_a, glass_columns_a, glass_columns_a,
          glass_columns_a, glass_columns_a, due_unseen_surprise,
          minmay_strange_pillars, item_on_display_a, minmay_strange_pillars,
          minmay_misc_feat_enclosed, kennysheep_nondescript, minmay_tromino_mix6
D:2:      layout_basic, xom_redecorated, lemuel_crystal_altar,
          grunt_temple_overflow_open, first_ration, uniq_crazy_yiuf_cottage

Skill      XL: |  1 |
---------------+----+-----
Ice Magic      | 4 |  4.7
Dodging        | |  1.7
Stealth        | |  1.7
Spellcasting   | |  2.4

Action                   || total
-------------------------++-------
Melee: Unarmed           ||    42
 Cast: Freeze            ||    56
       Frozen Ramparts   ||     7
 Stab: Sleeping          ||     3
  Eat: Chunk             ||     5
Armor: Robe              ||    25
Dodge: Dodged            ||    44
